AoeStats
← thenewt7

Arabia

510246725Analyzed
1v1 RM · 2d ago on Sep 30, 2026· 91m 53s· 2 players
Game mode
Random Map
Map size
Tiny (2 player)
Population
200
Speed
Normal
Resources
Standard
Victory
Conquest
Starting age
Dark Age
Ending age
Imperial Age
RankedLock teamsTeams togetherTeam positionsShared explorationLock speedFull tech treeHidden civsTurbo modeCheats
Victory
Defeat
🇺🇸 Varangians · United States
924
+15
🇦🇷 Bulgarians · Argentina
897
-15
Invasor de pastas
9:20 Feudal Age
12:52 Horse Collar
13:58 Loom
20:06 Castle Age
18:29 Stone Mining
19:56 Bloodlines
20:00 Fletching
23:28 Bodkin Arrow
24:45 Wheelbarrow
23:56 Town Watch
25:39 Scale Barding Armor
25:45 Forging
27:43 Double-Bit Axe
49:40 Imperial Age
48:51 Chain Barding Armor
49:57 Iron Casting
54:43 Blast Furnace
54:19 Plate Barding Armor
56:26 Gold Mining
58:42 Elite Konnik
65:29 Husbandry
thenewt7
0:51 Loom
11:14 Feudal Age
12:01 Man-at-Arms
15:50 Forging
16:55 Scale Mail Armor
17:49 Arson
23:14 Castle Age
22:05 Scale Barding Armor
22:54 Bloodlines
23:26 Long Swordsman
23:52 Gambesons
24:08 Squires
27:21 Husbandry
28:23 Iron Casting
36:42 Chain Barding Armor
37:05 Horse Collar
37:13 Double-Bit Axe
46:18 Imperial Age
56:29 Pikeman
64:00 Blast Furnace
63:36 Plate Barding Armor
62:28 Cavalier
64:03 Conscription
67:34 Fletching
71:58 Heavy Plow
77:29 Gothikon
82:30 Bow Saw
82:50 Chain Mail Armor
82:23 Elite Varangian Guard
87:45 Plate Mail Armor
88:50 Wheelbarrow
89:49 Vendel Legacy
Connection lost

Rejoining the realm…

Still unreachable

The connection could not be restored.

Session expired

The server has moved on; the page needs a fresh start.